 Dungeon Crawl Stone Soup version 0.29.0-4-gdea44cf6ec (webtiles) character file.

Game seed: 11746382322694963401

1038 qw the Cleaver (level 8, -4/43 (46) HPs)
             Began as a Tengu Warper on Aug 28, 2022.
             Slain by a wight
             ... wielding a +0 great sword
              (14 damage)
             ... on level 6 of the Dungeon.
             The game lasted 00:00:34 (6527 turns).

qw the Cleaver (Tengu Warper)                       Turns: 6527, Time: 00:00:34

HP:   -4/43 (46)    AC: 26    Str: 13    XL:     8   Next: 24%
MP:   12/12         EV:  0    Int: 15    God:
Gold: 264           SH:  0    Dex: 13    Spells: 11/11 levels left

rFire   . . .      SeeInvis .   Y - +2 war axe (protect)
rCold   . . .      Faith    .   (no shield)
rNeg    . . .      Spirit   .   a - +2 crystal plate armour
rPois   .          Reflect  .   (helmet restricted)
rElec   .          Harm     .   (no cloak)
rCorr   .          Rampage  .   (no gloves)
Will    .....                   (boots unavailable)
Stlth   ..........              (no amulet)
HPRegen 0.14/turn               (no ring)
MPRegen 0.13/turn               (no ring)

@: about to teleport, under a protective aura, flying quickly and evasively,
drained, quick
A: beak, talons 3, nimble flight
a: no special abilities


You were on level 6 of the Dungeon.
You visited 1 branch of the dungeon, and saw 6 of its levels.

You collected 264 gold pieces.


Innate Abilities, Weirdness & Mutations

You have a beak for a mouth.
You have claws for feet.
Your magical nature lets you fly swiftly and evasively.


   Skills:
 - Level 3.3 Fighting
 + Level 8.5 Axes
 - Level 1.0 Throwing
 - Level 5.2 Armour
 - Level 2.1 Dodging
 - Level 2.0 Spellcasting
 - Level 2.4 Translocations


You had 11 spell levels left.
You didn't know any spells.
Your spell library contained the following spells:

 Spells                   Type           Power      Damage    Failure   Level
 Blink                    Tloc           16%        N/A       100%        2
 Gell's Gravitas          Tloc           8%         N/A       100%        3
 Lesser Beckoning         Tloc           8%         N/A       100%        3
 Teleport Other           Tloc           8%         N/A       100%        3
 Manifold Assault         Tloc           8%         N/A       100%        5

Inventory:

Hand Weapons
 b - a +0 flail
 Y - a +2 war axe of protection (weapon)
Missiles
 c - 4 boomerangs (quivered)
Armour
 a - a +2 crystal plate armour (worn)
Scrolls
 e - a scroll of identify
Potions
 d - a potion of mutation
 h - a potion of resistance
 j - a potion of might
 k - a potion of curing
 l - a potion of haste

Dungeon Overview and Level Annotations

Branches:
Dungeon (6/15)             Temple (0/1) D:6

Altars:

Annotations:
D:2 1 runed translucent door, Crazy Yiuf


Message History

The wight hits you but does no damage. The wight completely misses you.
You hit the wight but do no damage. Your kick misses the wight.
The wight is severely damaged.
You hit the wight.
The wight hits you but does no damage. x2
You barely miss the wight. You peck the wight.
The wight is almost destroyed.
You closely miss the wight.
The wight hits you but does no damage. x2
You closely miss the wight. Your kick misses the wight.
The wight is almost destroyed.
You hit the wight.
The wight hits you but does no damage. x2
You closely miss the wight.
The wight is almost destroyed.
You closely miss the wight. The wight hits you but does no damage.
The wight hits you with a +1 morningstar of protection!
You closely miss the wight. You claw the wight. Your peck misses the wight.
The wight is almost destroyed.
You hit the wight.
You destroy the wight!
The wight hits you but does no damage.
You hit the wight but do no damage. Your kick misses the wight.
You punch the wight, but do no damage.
The wight is almost destroyed.
You hit the wight but do no damage.
The wight hits you with a +0 great sword.
The wight hits you with a +1 morningstar of protection!
You barely miss the wight. You claw the wight, but do no damage.
Your peck misses the wight.
The wight is almost destroyed.
You barely miss the wight.
The wight hits you with a +0 great sword.
The wight hits you but does no damage.
6527 ||| READING scroll of teleportation.
As you read the scroll of teleportation, it crumbles to dust.
You feel strangely unstable.
The wight hits you with a +0 great sword!
You die...

.>.. .... }...}
... ... #.#
########z.##..#
#......@z......
#.###########.#
#.# #...#
#.#######.#.#
#.#<........#
#.#######...#
#.# #...# #.#
#...# #.# #...#


You could see 2 wights.

Vanquished Creatures
  A sky beast (D:5)
  2 phantoms (D:5)
  2 scorpions
  A necrophage (D:3)
  2 wights (D:6)
  2 hounds
  2 gnoll boudas (D:5)
  Ijyb (D:4)
  An iguana (D:4)
  2 orc wizards
  2 adders (D:4)
  12 gnolls (D:5)
  3 river rats (D:3)
  2 shadow imps (D:5)
  A worm (D:4)
  3 dart slugs
  15 orcs
  2 endoplasms (D:3)
  4 giant cockroaches
  6 goblins
  6 hobgoblins
  12 jackals
  3 quokkas
  5 ball pythons
  8 bats
  3 frilled lizards
  6 kobolds
  6 rats
115 creatures vanquished.

Vanquished Creatures (others)
  2 plants (D:2)
2 creatures vanquished.

Grand Total: 117 creatures vanquished

Notes
Turn   | Place    | Note
-------+----------+-------------------------------------------
     0 | D:1      | qw the Tengu Warper began the quest for the Orb.
     0 | D:1      | Reached XP level 1. HP: 12/12 MP: 4/4
     0 | D:1      | 0 ||| qw: Version: 0.1-a-89-g26bdef1
     0 | D:1      | 0 ||| qw: Game counter: 2323
     0 | D:1      | 0 ||| qw: Always use a shield: true
     0 | D:1      | 0 ||| qw: God list: Okawaru
     0 | D:1      | 0 ||| qw: Allow faded altars: false
     0 | D:1      | 0 ||| qw: Do Orc after D:15 true
     0 | D:1      | 0 ||| qw: Do second Lair branch before Depths: true
     0 | D:1      | 0 ||| qw: Lair rune preference: random
     0 | D:1      | 0 ||| qw: Plans: Normal
     0 | D:1      | 0 ||| PLANNING D:1-11
   141 | D:1      | 141 ||| Stepping ~*~*~tactically~*~*~ (stealth).
   151 | D:1      | HP: 1/12 [rat (3)]
   446 | D:1      | Reached skill level 3 in Axes
   446 | D:1      | Reached XP level 2. HP: 14/17 MP: 6/6
   583 | D:1      | 583 ||| Stepping ~*~*~tactically~*~*~ (stealth).
  1305 | D:1      | 1305 ||| READING scroll labelled EPSATW JAGI.
  1306 | D:1      | 1306 ||| READING scroll labelled MEALOIMIAG.
  1306 | D:1      | Identified a scroll of acquirement
  1306 | D:1      | 1306 ||| ACQUIRING +2 crystal plate armour
  1306 | D:1      | Acquired a +2 crystal plate armour
  1308 | D:1      | 1308 ||| UPGRADING to +2 crystal plate armour.
  1318 | D:1      | 1318 ||| DROPPING +0 leather armour.
  1319 | D:1      | 1319 ||| READING 2 scrolls labelled TEIXOGG YLIEMP.
  1320 | D:1      | 1320 ||| READING scroll labelled YCOAST RIHU.
  1321 | D:1      | 1321 ||| DRINKING 2 bubbling purple potions.
  1322 | D:1      | 1322 ||| DROPPING scroll of blinking.
  1323 | D:1      | 1323 ||| DROPPING scroll of fear.
  1397 | D:2      | Found a runed translucent door.
  1398 | D:2      | Noticed Crazy Yiuf
  1482 | D:2      | 1482 ||| SWAPPING to +0 war axe.
  1488 | D:2      | 1488 ||| DROPPING +0 hand axe.
  1497 | D:2      | Reached XP level 3. HP: 21/21 MP: 7/7
  1627 | D:2      | Found a faded altar of an unknown god.
  2334 | D:2      | 2334 ||| READING 2 scrolls labelled BANUARAI YVOESCH.
  2335 | D:2      | 2335 ||| READING 2 scrolls labelled QOOTWE LUARR.
  2336 | D:2      | 2336 ||| READING scroll of enchant weapon.
  2336 | D:2      | 2336 ||| ENCHANTING +1 war axe.
  2337 | D:2      | 2337 ||| READING scroll labelled BINLUJ YDOUTA.
  2338 | D:2      | 2338 ||| DROPPING scroll of fog.
  2395 | D:3      | 2395 ||| PLANNING SEWER
  2550 | D:3      | 2550 ||| DROPPING +0 club.
  2573 | D:3      | Reached skill level 4 in Axes
  2581 | D:3      | Reached XP level 4. HP: 19/26 MP: 8/8
  2717 | D:3      | 2717 ||| Stepping ~*~*~tactically~*~*~ (stealth).
  2719 | D:3      | 2719 ||| Stepping ~*~*~tactically~*~*~ (stealth).
  2743 | D:3      | Reached skill level 3 in Armour
  2809 | D:3      | Noticed a necrophage
  2820 | D:3      | Killed a necrophage
  2821 | D:3      | Gained mutation: Your magical nature lets you fly swiftly
                  | and evasively. [Tengu growth]
  2821 | D:3      | Reached XP level 5. HP: 19/30 MP: 9/9
  3031 | D:3      | 3031 ||| RIP SEWER
  3048 | D:3      | 3048 ||| PLANNING D:1-11
  3052 | D:3      | Reached skill level 5 in Axes
  3192 | D:3      | 3192 ||| Stepping ~*~*~tactically~*~*~ (stealth).
  3193 | D:3      | 3193 ||| Stepping ~*~*~tactically~*~*~ (stealth).
  3388 | D:3      | 3388 ||| READING 3 scrolls labelled BANLAUNNOE.
  3391 | D:3      | 3391 ||| DRINKING 3 pink potions.
  3392 | D:3      | 3392 ||| DRINKING 2 lumpy pink potions.
  3393 | D:3      | 3393 ||| DROPPING 2 potions of flight.
  3440 | D:4      | Noticed Ijyb
  3452 | D:4      | Killed Ijyb
  3455 | D:4      | Reached XP level 6. HP: 31/35 MP: 10/10
  3575 | D:4      | 3575 ||| Stepping ~*~*~tactically~*~*~ (stealth).
  3666 | D:4      | Reached skill level 6 in Axes
  3725 | D:4      | 3725 ||| FLEEEEING.
  3726 | D:4      | 3726 ||| FLEEEEING.
  3727 | D:4      | 3727 ||| FLEEEEING.
  3728 | D:4      | 3728 ||| FLEEEEING.
  3729 | D:4      | 3729 ||| FLEEEEING.
  3730 | D:4      | 3730 ||| FLEEEEING.
  3734 | D:4      | 3734 ||| FLEEEEING.
  3735 | D:4      | 3735 ||| FLEEEEING.
  3740 | D:4      | 3740 ||| STAIRDANCE
  3893 | D:3      | 3893 ||| READING scroll labelled FOH XATHREOPAPNA.
  4286 | D:4      | 4286 ||| Stepping ~*~*~tactically~*~*~ (stealth).
  4331 | D:4      | 4331 ||| Stepping ~*~*~tactically~*~*~ (stealth).
  4616 | D:4      | 4616 ||| READING 3 scrolls of identify.
  4616 | D:4      | 4616 ||| IDENTIFYING murky golden potion
  4617 | D:4      | 4617 ||| READING 2 scrolls of identify.
  4617 | D:4      | 4617 ||| IDENTIFYING viscous black potion
  4631 | D:5      | Entered Level 5 of the Dungeon
  4685 | D:5      | Reached skill level 7 in Axes
  4685 | D:5      | Reached XP level 7. HP: 40/40 MP: 11/11
  4870 | D:5      | 4870 ||| Stepping ~*~*~tactically~*~*~ (stealth).
  4881 | D:5      | 4881 ||| Stepping ~*~*~tactically~*~*~ (stealth).
  4929 | D:5      | Reached skill level 3 in Fighting
  4934 | D:5      | 4934 ||| Stepping ~*~*~tactically~*~*~ (stealth).
  4936 | D:5      | 4936 ||| Stepping ~*~*~tactically~*~*~ (stealth).
  4939 | D:5      | 4939 ||| Stepping ~*~*~tactically~*~*~ (stealth).
  4940 | D:5      | 4940 ||| Stepping ~*~*~tactically~*~*~ (stealth).
  4973 | D:5      | 4973 ||| Stepping ~*~*~tactically~*~*~ (stealth).
  4974 | D:5      | 4974 ||| Stepping ~*~*~tactically~*~*~ (stealth).
  4983 | D:5      | 4983 ||| Stepping ~*~*~tactically~*~*~ (stealth).
  4984 | D:5      | 4984 ||| Stepping ~*~*~tactically~*~*~ (stealth).
  4985 | D:5      | 4985 ||| Stepping ~*~*~tactically~*~*~ (stealth).
  5146 | D:5      | HP: 4/41 [gnoll/+0 halberd[a gnoll bouda] (10)]
  5147 | D:5      | 5147 ||| READING 2 scrolls of teleportation.
  5148 | D:5      | 5148 ||| DRINKING potion of heal wounds.
  5163 | D:5      | 5163 ||| Stepping ~*~*~tactically~*~*~ (stealth).
  5164 | D:5      | 5164 ||| Stepping ~*~*~tactically~*~*~ (stealth).
  5166 | D:5      | 5166 ||| Stepping ~*~*~tactically~*~*~ (stealth).
  5167 | D:5      | 5167 ||| Stepping ~*~*~tactically~*~*~ (stealth).
  5168 | D:5      | 5168 ||| Stepping ~*~*~tactically~*~*~ (stealth).
  5169 | D:5      | 5169 ||| Stepping ~*~*~tactically~*~*~ (stealth).
  5174 | D:5      | 5174 ||| Stepping ~*~*~tactically~*~*~ (stealth).
  5180 | D:5      | 5180 ||| Stepping ~*~*~tactically~*~*~ (stealth).
  5349 | D:5      | 5349 ||| DROPPING +0 whip.
  5578 | D:5      | Reached skill level 8 in Axes
  5717 | D:5      | Identified the +6 quarterstaff "Cogid" {freeze, rC+ Dex+4
                  | Stlth+}
  5960 | D:5      | 5960 ||| Stepping ~*~*~tactically~*~*~ (hiding).
  5962 | D:5      | 5962 ||| Stepping ~*~*~tactically~*~*~ (hiding).
  6036 | D:5      | Reached XP level 8. HP: 30/46 MP: 12/12
  6203 | D:5      | 6203 ||| READING scroll labelled BAYCROTHRAL.
  6204 | D:5      | 6204 ||| READING scroll labelled KEROOTHRIEX.
  6205 | D:5      | 6205 ||| DRINKING 2 fuming cyan potions.
  6310 | D:5      | 6310 ||| READING 5 scrolls of identify.
  6310 | D:5      | 6310 ||| IDENTIFYING fizzy dark potion
  6311 | D:5      | 6311 ||| READING 4 scrolls of identify.
  6311 | D:5      | 6311 ||| IDENTIFYING metallic black potion
  6312 | D:5      | 6312 ||| READING 3 scrolls of identify.
  6312 | D:5      | 6312 ||| IDENTIFYING murky ruby potion
  6313 | D:5      | 6313 ||| READING 2 scrolls of identify.
  6313 | D:5      | 6313 ||| IDENTIFYING smoky brown potion
  6314 | D:5      | 6314 ||| DROPPING potion of attraction.
  6315 | D:5      | 6315 ||| DROPPING potion of degeneration.
  6316 | D:5      | 6316 ||| DROPPING potion of berserk rage.
  6389 | D:6      | Found a staircase to the Ecumenical Temple.
  6390 | D:6      | 6390 ||| PLANNING TEMPLE
  6400 | D:6      | 6400 ||| FLEEEEING.
  6512 | D:6      | 6512 ||| Stepping ~*~*~tactically~*~*~ (stealth).
  6526 | D:6      | HP: 10/43 [wight/+0 great sword (5)]
  6527 | D:6      | 6527 ||| READING scroll of teleportation.
  6527 | D:6      | Slain by a wight

Levels and vault maps discovered:
D:1:      minmay_arrival_loop, layout_basic, serial_rivers,
          chequers_serial_rivers_small_3, chequers_serial_rivers_large_b,
          chequers_serial_rivers_small_b, chequers_serial_rivers_small_a,
          serial_park_tiny_pond
D:2:      layout_loops_corners, chequers_ecumenical_altar_lobes,
          uniq_crazy_yiuf_cottage
D:3:      layout_loops_cross, gup_sewer_entry_bowl
D:4:      layout_basic, minmay_ruptured, uniq_ijyb
D:5:      layout_loops_corners, corexii_checkpoint_a
D:6:      layout_basic, yredelemnul_altar_generic, mainiacjoe_overflow_24_doors,
          lemuel_crystal_altar, nicolae_overflow_two_pavilions,
          minmay_temple_entry_large_hall, biasface_ghost_orc_armoury,
          kennysheep_generic_room_16

Skill      XL: |  1  2  3  4  5  6  7 |
---------------+----------------------+-----
Axes           | 3 4 5 7 8 |  8.5
Armour         | 2 3 4 5 |  5.2
Fighting       | 3 |  3.3
Throwing       | |  1.0
Dodging        | |  2.1
Spellcasting   | |  2.0
Translocations | |  2.4

Action                   |  1- 3 |  4- 6 |  7- 9 || total
-------------------------+-------+-------+-------++-------
Melee: Hand axe          |    40 |       |       ||    40
       Kick              |    10 |    28 |    24 ||    62
       Peck              |     8 |    19 |    22 ||    49
       Punch             |     2 |       |     1 ||     3
       War axe           |    41 |   142 |   106 ||   289
Throw: Boomerang         |     7 |     7 |    21 ||    35
  Use: Scroll            |     8 |     4 |     8 ||    20
       Potion            |     1 |     2 |     2 ||     5
Armor: Leather armour    |    12 |       |       ||    12
       Crystal plate arm |    30 |   125 |    89 ||   244
Dodge: Dodged            |    23 |     4 |     3 ||    30

Table legend:
 A = Non-vault XP
 B = Vault XP
 C = Vault XP percentage of total XP
 D = Non-vault monster count
 E = Vault monster count
 F = Vault count percentage of total count
                 A         B        C        D         E       F
            +---------+---------+-------+---------+---------+-------
      Total |    1258 |     226 |  15.2 |     105 |      10 |   8.7
            +---------+---------+-------+---------+---------+-------
        D:1 |      30 |       0 |   0.0 |      17 |       0 |   0.0
        D:2 |      19 |       0 |   0.0 |      13 |       0 |   0.0
        D:3 |     149 |      40 |  21.2 |      20 |       3 |  13.0
        D:4 |     151 |     183 |  54.8 |      29 |       5 |  14.7
        D:5 |     759 |       3 |   0.4 |      24 |       2 |   7.7
        D:6 |     150 |       0 |   0.0 |       2 |       0 |   0.0
            +---------+---------+-------+---------+---------+-------
